 Dungeon Crawl Stone Soup version 0.28-a0-384-g9e0c098162 (webtiles) character file.

Game seed: 848760322864932808

28 SageKRM the Covered (level 3, 0/29 HPs)
             Began as a Human Fighter on Sept 3, 2021.
             Was a Follower of Sif Muna.
             Slain by an adder (2 damage)
             ... on level 2 of the Dungeon.
             The game lasted 00:04:14 (1274 turns).

SageKRM the Covered (Human Fighter)                 Turns: 1274, Time: 00:04:15

Health: 0/29       AC:  6    Str: 17    XL:     3   Next: 30%
Magic:  3/3        EV:  9    Int:  8    God:    Sif Muna [*.....]
Gold:   8          SH:  4    Dex: 12    Spells: 2/2 levels left

rFire   . . .      SeeInvis .   a - +0 war axe
rCold   . . .      Faith    .   c - +0 buckler
rNeg    . . .      Spirit   .   b - +0 scale mail
rPois   .          Reflect  .   (no helmet)
rElec   .          Harm     .   (no cloak)
rCorr   .          Rampage  .   (no gloves)
Will    .....                   (no boots)
Stlth   ..........              (no amulet)
HPRegen 0.09/turn               (no ring)
MPRegen 0.08/turn               (no ring)

@: no status effects
A: no striking features
a: Renounce Religion, Channel Magic


You were on level 2 of the Dungeon.
You worshipped Sif Muna.
Sif Muna was aware of your devotion.
You visited 1 branch of the dungeon, and saw 2 of its levels.

You collected 8 gold pieces.

Inventory:

Hand Weapons
 a - a +0 war axe (weapon)
 e - a +0 dagger
 j - a +0 spear
 k - a +0 dagger
 m - a +0 club
 n - a +0 club
Missiles
 f - 17 stones (quivered)
Armour
 b - a +0 scale mail (worn)
 c - a +0 buckler (worn)
 h - a +0 leather armour
 i - a +0 ring mail
Scrolls
 l - a scroll of teleportation {unknown}
Potions
 d - a potion of might
 g - a potion of curing {unknown}


   Skills:
 + Level 3.2 Fighting
 + Level 2.2 Axes
 + Level 3.4 Armour
 + Level 0.2 Dodging
 + Level 3.4 Shields


You had 2 spell levels left.
You didn't know any spells.
Your spell library was empty.

Dungeon Overview and Level Annotations

Branches:
Dungeon (2/15)

Altars:
Sif Muna


Message History

You miss the adder.
The adder is lightly wounded.
You hit the ball python.
You feel sick. The adder barely misses you.
The ball python bites you but does no damage.
The ball python constricts you. The adder barely misses you.
The ball python bites you. The ball python constricts you.
You hit the adder but do no damage.
The adder is lightly wounded.
You closely miss the ball python.
You feel sick.
You are no longer poisoned.
You block the adder's attack. You block the ball python's attack.
The ball python constricts you. The adder closely misses you.
The ball python barely misses you. The ball python constricts you.
You escape the ball python's grasp.
The adder bites you but does no damage. The adder bites you.
* * * LOW HITPOINT WARNING * * *
You closely miss the adder.
The adder is lightly wounded.
The adder closely misses you. The ball python barely misses you.
You block the ball python's attack. The adder bites you but does no damage.
The adder bites you.
* * * LOW HITPOINT WARNING * * *
You closely miss the ball python. You hit the adder.
You block the adder's attack. The ball python barely misses you.
You block the ball python's attack. The adder bites you but does no damage.
You barely miss the ball python. You hit the adder.
The ball python barely misses you. You block the ball python's attack.
The adder bites you but does no damage. The ball python misses you.
The ball python grabs you. The ball python constricts you.
You hit the ball python.
You kill the ball python!
Sif Muna accepts your kill.
You closely miss the adder. You block the adder's attack.
The adder bites you but does no damage. The adder bites you.
* * * LOW HITPOINT WARNING * * *
The adder barely misses you. The adder bites you.
You die...

#....#.. #....#.#
#....#.# ###....#
+....# ######...###
...........# ####
######.S.#.# #...
#..@#.# #.## #...#.#
#.#. #...#.# #.#.
#...#.# #.#. #...#†#
#.#.
#...#.###########.#<
#...#.............##
#...###############
#...#


You could see an adder.

Vanquished Creatures
  4 ball pythons
  An endoplasm (D:1)
  2 goblins
  A hobgoblin (D:1)
  9 jackals (D:1)
  2 kobolds (D:1)
  A quokka (D:1)
  3 rats (D:1)
23 creatures vanquished.

Notes
Turn   | Place    | Note
-------+----------+-------------------------------------------
     0 | D:1      | SageKRM the Human Fighter began the quest for the Orb.
     0 | D:1      | Reached XP level 1. HP: 18/18 MP: 1/1
    67 | D:1      | Reached XP level 2. HP: 20/24 MP: 2/2
   757 | D:1      | Found a faded altar of an unknown god.
   782 | D:1      | Became a worshipper of Sif Muna the Loreminder
   782 | D:1      | Reached * piety under Sif Muna
  1094 | D:1      | Reached XP level 3. HP: 27/29 MP: 3/3
  1274 | D:2      | Slain by an adder

Illustrated notes

Levels and vault maps discovered:
D:1:      minmay_arrival_jagged, layout_loops_ring,
          hellmonk_ecumenical_altar_run_dry
D:2:      layout_basic, serial_shops, shop_fountains

Action                   || total
-------------------------++-------
Melee: War axe           ||    78
Armor: Scale mail        ||    52
Dodge: Dodged            ||    42
Block: Buckler           ||    20

Table legend: (Time is in decaauts)
 A = Elapsed time spent in this place.
 B = Non-inter-level travel time spent in this place.
 C = Inter-level travel time spent in this place.
 D = Time resting spent in this place.
 E = Time spent auto-exploring this place.
 F = Levels seen in this place.
 G = Mean time per level.
                   A        B        C        D        E       F      G
               +--------+--------+--------+--------+--------+-----+--------+
         Total |   1305 |   1305 |      0 |    464 |      0 |   2 |  652.5 |
       Dungeon |   1305 |   1305 |      0 |    464 |      0 |   2 |  652.5 |
               +--------+--------+--------+--------+--------+-----+--------+

Top non-repeatable levels by time:
     D:1: 1182 daAuts
     D:2: 123 daAuts
